 Dungeon Crawl Stone Soup version 0.29-a0-780-g652cadfb38 (webtiles) character file.

Game seed: 11375280586670911537

234 Lekart the Trooper (level 5, -9/46 HPs)
             Began as a Draconian Fighter on June 26, 2022.
             Killed by nerve-wracking pain
             ... invoked by an orc priest
              (12 damage)
             ... on level 3 of the Dungeon on July 2, 2022.
             The game lasted 00:04:48 (2175 turns).

Lekart the Trooper (Draconian Fighter)              Turns: 2175, Time: 00:04:49

Health: -9/46      AC:  6    Str: 20    XL:     5   Next: 75%
Magic:  5/5        EV: 12    Int:  9    God:
Gold:   112        SH:  4    Dex: 10    Spells: 4/4 levels left

rFire   . . .      SeeInvis .   a - +0 war axe
rCold   . . .      Faith    .   b - +0 buckler
rNeg    . . .      Spirit   .   (body armour unavailable)
rPois   .          Reflect  .   (helmet restricted)
rElec   .          Harm     .   k - +0 cloak
rCorr   .          Rampage  .   (no gloves)
Will    .....                   (no boots)
Stlth   +.........              (no amulet)
HPRegen 0.15/turn               (no ring)
MPRegen 0.09/turn               (no ring)

@: mighty
A: AC +5, unfitting armour, cold-blooded
a: no special abilities


You were on level 3 of the Dungeon.
You visited 1 branch of the dungeon, and saw 3 of its levels.

You collected 123 gold pieces.
You spent 11 gold pieces at shops.

Inventory:

Hand Weapons
 a - a +0 war axe (weapon)
Missiles
 v - 5 poisoned darts (quivered)
Armour
 b - a +0 buckler (worn)
 k - a +0 cloak (worn)
Jewellery
 h - an amulet of faith
 o - a +6 ring of dexterity
Scrolls
 d - 2 scrolls of poison {unknown}
 f - 2 scrolls of noise {unknown}
 j - a scroll of identify {unknown}
 l - 2 scrolls of brand weapon {unknown}
 m - a scroll of fog {unknown}
 r - a scroll of enchant weapon {unknown}
Potions
 e - 2 potions of attraction {unknown}
 g - 3 potions of curing {unknown}
 i - 2 potions of lignification {unknown}
 n - a potion of brilliance {unknown}
 p - 2 potions of heal wounds {unknown}
 q - 2 potions of flight {unknown}
 s - a potion of magic {unknown}
 t - a potion of cancellation {unknown}
 u - a potion of degeneration {unknown}


   Skills:
 + Level 4.1 Fighting
 + Level 4.1 Axes
 + Level 1.9 Throwing
 + Level 3.3 Dodging
 + Level 3.6 Shields


You had 4 spell levels left.
You didn't know any spells.
Your spell library was empty.

Dungeon Overview and Level Annotations

Branches:
Dungeon (3/15)

Altars:
Kikubaaqudgha

Shops:
D:3 (


Innate Abilities, Weirdness & Mutations

Your plain brown scales are hard. (AC +5)
You cannot fit into any form of body armour.
You are cold-blooded and may be slowed by cold attacks.


Message History

You kill the orc!
A kobold comes into view. It is wielding a +0 club.
Found 7 stones.
The orc shouts!
The kobold shouts!
You see here a +0 mace.
You hit the orc wizard.
The orc wizard is lightly wounded.
You block the orc wizard's attack. The orc closely misses you.
The orc wizard hits you with a +0 dagger.
The orc priest calls upon Beogh to heal the orc wizard.
The orc wizard's wounds heal themselves!
You slash the orc!
You kill the orc!
You closely miss the orc wizard.
The orc priest mumbles some strange prayers to Beogh against you.
Beogh smites you!
The orc wizard hits you with a +0 dagger.
The orc priest mumbles some strange prayers to Beogh against you.
Beogh smites you!
* * * LOW HITPOINT WARNING * * *
You feel very mighty all of a sudden.
The orc wizard hits you but does no damage.
You miss the orc wizard.
The orc wizard hits you but does no damage.
You slash the orc wizard!
You kill the orc wizard!
The orc hits you with a +2 flail of holy wrath.
* * * LOW HITPOINT WARNING * * *
Your Axes skill increases to level 4!
You barely miss the orc.
The orc hits you with a +2 flail of holy wrath.
* * * LOW HITPOINT WARNING * * *
You hit the orc.
The orc is heavily wounded.
You block the orc's attack.
You slash the orc!
You kill the orc!
The orc priest calls down the wrath of Beogh upon you.
Pain shoots through your body!
You die...

.#.##..........# #
....#......†...#
....... #
#...#..........#
....... ###
#...#..........# .....#
#.. #...#.....######
.(...# #.. #...#.....#
.....# #.. ##.##.....#
....[# #..
#.##.....########..(..#
###
#.##...........@oK....#
#
#.################.####
# #.# #.......# #
#.########.#####.#
#.......)..#<....#
##################


You could see an orc priest and a kobold.

Vanquished Creatures
  A water moccasin (D:3)
  Jessica (D:2)
  An orc wizard (D:3)
  2 adders (D:3)
  A worm (D:2)
  2 dart slugs
  4 orcs (D:3)
  6 bats
  6 endoplasms
  2 giant cockroaches
  4 hobgoblins
  7 kobolds
  A quokka (D:1)
  6 ball pythons
  2 frilled lizards
  4 goblins
  3 rats
53 creatures vanquished.

Notes
Turn   | Place    | Note
-------+----------+-------------------------------------------
     0 | D:1      | Lekart the Draconian Fighter began the quest for the Orb.
     0 | D:1      | Reached XP level 1. HP: 19/19 MP: 1/1
     0 | D:1      | Upgraded the game from 0.29-a0-716-gf28ee254f9 to
                  | 0.29-a0-719-g0fec994a2d
     0 | D:1      | Upgraded the game from 0.29-a0-719-g0fec994a2d to
                  | 0.29-a0-722-g64f5989226
     0 | D:1      | Upgraded the game from 0.29-a0-722-g64f5989226 to
                  | 0.29-a0-780-g652cadfb38
   114 | D:1      | Reached XP level 2. HP: 11/26 MP: 2/2
   949 | D:2      | Reached XP level 3. HP: 31/31 MP: 3/3
  1048 | D:2      | Found an ancient bone altar of Kikubaaqudgha.
  1050 | D:2      | Noticed Jessica
  1055 | D:2      | Killed Jessica
  1332 | D:2      | Found a faded altar of an unknown god.
  1333 | D:2      | You fall into a shaft and drop 1 floor!
  1359 | D:3      | Reached XP level 4. HP: 40/40 MP: 4/4
  1430 | D:3      | Reached skill level 1 in Throwing
  1801 | D:3      | Found Qeiss's Weapon Boutique.
  1809 | D:3      | Bought 2 poisoned darts for 11 gold pieces
  1975 | D:3      | Noticed a water moccasin
  1983 | D:3      | Killed a water moccasin
  1984 | D:3      | Reached XP level 5. HP: 31/46 MP: 5/5
  2175 | D:3      | Killed from afar by an orc priest

Illustrated notes

Levels and vault maps discovered:
D:1:      saegor_arrival_under_anarchy, layout_basic
D:2:      layout_basic, basic_altar, shapermc_ecumenical_altar_mp_highgroup,
          uniq_jessica, uniq_crazy_yiuf_cottage
D:3:      layout_basic, serial_shops, nicolae_shop_waterfront

Skill      XL: |  1  2  3  4  5 |
---------------+----------------+-----
Dodging        | 3 |  3.3
Throwing       | 1 |  1.9
Axes           | 3 4 |  4.1
Fighting       | 4 |  4.1
Shields        | |  3.6

Action                   |  1- 3 |  4- 6 || total
-------------------------+-------+-------++-------
Melee: War axe           |    45 |    52 ||    97
       Tailslap          |     3 |     5 ||     8
Throw: Javelin           |    23 |       ||    23
       Dart              |       |    10 ||    10
  Use: Potion            |       |     1 ||     1
Armor: Skin              |    21 |    21 ||    42
Dodge: Dodged            |    27 |    42 ||    69
Block: Buckler           |    12 |    10 ||    22

Table legend: (Time is in decaauts)
 A = Elapsed time spent in this place.
 B = Non-inter-level travel time spent in this place.
 C = Inter-level travel time spent in this place.
 D = Time resting spent in this place.
 E = Time spent auto-exploring this place.
 F = Levels seen in this place.
 G = Mean time per level.
                   A        B        C        D        E       F      G
               +--------+--------+--------+--------+--------+-----+--------+
         Total |   2226 |   2190 |     36 |    106 |   1710 |   3 |  742.0 |
       Dungeon |   2226 |   2190 |     36 |    106 |   1710 |   3 |  742.0 |
               +--------+--------+--------+--------+--------+-----+--------+

Top non-repeatable levels by time:
     D:1: 951 daAuts
     D:3: 862 daAuts
     D:2: 412 daAuts
